 Dungeon Crawl Stone Soup version bcrawl-1.12-8-g964540c432 (webtiles) character file.

Game seed: 10870117598524659857

263 Gumption the Sneak (level 5, -1/35 HPs)
             Began as a Dusk Walker Archaeologist on June 6, 2019.
             Slain by an iguana (10 damage)
             ... on level 4 of the Dungeon.
             The game lasted 00:30:03 (4560 turns).

Gumption the Sneak (Dusk Walker Archaeologist)      Turns: 4560, Time: 00:30:04

Health: -1/35      AC: 14    Str: 12    XL:     5   Next: 98%
Magic:  5/5        EV:  6    Int: 15    God:
Gold:   290        SH:  0    Dex: 11    Spells: 4/4 levels left

rFire    . . .     SeeInvis .   a - +0 whip
rCold    . . .     Gourm    .   (no shield)
rNeg     . . .     Faith    .   C - +0 chain mail
rPois    .         Spirit   .   o - +1 hat
rElec    .         Reflect  .   (no cloak)
rCorr    .         Harm     .   d - +1 pair of gloves
MR       .....                  c - +1 pair of boots
Stlth    +++.......             (no amulet)
HPRegen  0.11/turn              (no ring)
MPRegen  0.09/turn              (no ring)

@: studying Maces & Flails
A: draining touch, unencumbered stealth, fangs 2, nightstalker 1
a: no special abilities


You were on level 4 of the Dungeon.
You were not hungry.

You visited 1 branch of the dungeon, and saw 5 of its levels.

You collected 290 gold pieces.

Inventory:

Hand Weapons
 a - a +0 whip (weapon)
 b - a +0 hunting sling
 w - a +0 dagger
 D - a +0 flail
 E - a +1 flail of holy wrath
Missiles
 j - 393 stones
 A - 87 tomahawks (quivered)
Armour
 c - a +1 pair of boots (worn)
 d - a +1 pair of gloves (worn)
 o - a +1 hat (worn)
 s - a +0 scale mail
 C - a +0 chain mail (worn)
Jewellery
 k - an uncursed ring of fire {unknown}
 t - a +2 ring of protection {unknown}
 u - a cursed amulet of inaccuracy {unknown}
 B - an uncursed ring of protection from cold {unknown}
Scrolls
 h - 2 scrolls of identify
 i - 2 scrolls of teleportation
 q - a scroll of fear {unknown}
 r - 3 scrolls of magic mapping {unknown}
 y - 2 scrolls of remove curse {unknown}
Potions
 l - a potion of degeneration {unknown}
 m - 2 potions of brilliance
 n - a potion of might {unknown}
 p - 4 potions of mutation
 v - a potion of heal wounds {unknown}
 x - a potion of flight {unknown}
 z - a potion of agility {unknown}
Books
 g - a manual of Maces & Flails
Miscellaneous
 f - an ancient crate
Comestibles
 e - 11 rations {!d}
 F - 2 chunks of flesh


   Skills:
 + Level 2.4 Fighting
 * Level 3.2 Maces & Flails
 + Level 2.3 Armour
 + Level 3.7 Dodging
 * Level 7.3 Stealth


You had 4 spell levels left.
You didn't know any spells.
Your spell library was empty.

Dungeon Overview and Level Annotations

Branches:
Dungeon (5/12)
 Temple: D:4-7

Altars:
Elyvilon
Nemelex Xobeh
Xom

Shops:
D:4 =

Annotations:
D:3 Ijyb, Terence


Innate Abilities, Weirdness & Mutations

Your attacks drain your enemies.
You move stealthily even while encumbered by armour.
You have extremely sharp teeth.
You are slightly more attuned to the shadows.


Message History

The hound is moderately wounded.
The hound bites you but does no damage.
You hit the hound but do no damage. You drain the hound.
The hound is heavily wounded.
The hound bites you but does no damage.
You closely miss the hound. Your bite misses the hound.
The hound is heavily wounded.
The hound bites you but does no damage. x2
You hit the hound. Your bite misses the hound.
The hound is severely wounded.
The hound barely misses you.
You hit the hound.
You kill the hound!
Your chain mail prevents you from hitting the iguana.
The iguana bites you!
You closely miss the iguana. You bite the iguana, but do no damage.
The iguana bites you.
* * * LOW HITPOINT WARNING * * *
You open the door. The iguana bites you!
You die...

##########################
#.............##.........#
#.#######.###.##.#######.# #.#
##...##........# #.# ####.#
#..>..####.###.# #.# #....#
##...## #.# #.# #.# ##.#### ##.##
#.###.###.# ##...# #l#
#.........# #....# #@#
#####.##### #....# ##'## #.....#
# #.#### ##...## #.#...## #
#.#### ##.....## #..#...###
#.##.## ##.......####.#...#.##
#.#...####.........##......##.#
#........'.........'...........
###.#...####<........###......###
#......## ##.......## #.#...##


You could see an iguana.

Vanquished Creatures
  A scorpion (D:5)
  A hound (D:4)
  A centaur skeleton (D:4)
  2 worker ants (D:5)
  3 gnolls
  2 adders
  An ooze (D:3)
  An adder skeleton (D:5)
  2 worms
  2 dart slugs
  3 leopard geckos
  4 orcs
  A goblin (D:1)
  7 hobgoblins
  4 jackals (D:4)
  4 quokkas
  2 bats
  A frilled lizard (D:1)
  3 kobolds
  3 rats
48 creatures vanquished.

Notes
Turn   | Place    | Note
-------+----------+-------------------------------------------
     0 | D:1      | Gumption the Dusk Walker Archaeologist began the quest for
                  | the Orb.
     0 | D:1      | Reached XP level 1. HP: 13/13 MP: 1/1
   171 | D:1      | Reached skill level 5 in Stealth
   286 | D:1      | Reached XP level 2. HP: 18/18 MP: 2/2
   851 | D:2      | Reached skill level 1 in Armour
  1136 | D:2      | Reached XP level 3. HP: 21/23 MP: 3/3
  1400 | D:2      | Found a shimmering altar of Xom.
  1549 | D:3      | Noticed Ijyb
  1850 | D:3      | Reached skill level 6 in Stealth
  1916 | D:3      | Noticed Terence
  2316 | D:4      | Reached skill level 1 in Maces & Flails
  2324 | D:4      | Found Lozepun's Jewellery Shoppe.
  2369 | D:4      | Gained mutation: You are slightly more attuned to the
                  | shadows. [Dusk Walker growth]
  2369 | D:4      | Reached XP level 4. HP: 28/29 MP: 4/4
  3314 | D:4      | Found a white marble altar of Elyvilon.
  3710 | D:5      | Entered Level 5 of the Dungeon
  3734 | D:5      | Found a sparkling altar of Nemelex Xobeh.
  3748 | D:5      | Reached XP level 5. HP: 31/34 MP: 5/5
  3945 | D:5      | Noticed a phantom
  4264 | D:5      | Reached skill level 7 in Stealth
  4560 | D:4      | Slain by an iguana

Skill      XL: |  1  2  3  4  5 |
---------------+----------------+-----
Stealth        | 5 6 7 |  7.3
Armour         | 1 2 |  2.3
Maces & Flails | 1 2 3 |  3.2
Fighting       | 2 |  2.4
Dodging        | |  3.7

Action                   |  1- 3 |  4- 6 || total
-------------------------+-------+-------++-------
Melee: Dagger            |    55 |       ||    55
       Bite              |     5 |     9 ||    14
       Unarmed           |     2 |       ||     2
       Whip              |    35 |   109 ||   144
       Flail             |       |     6 ||     6
 Fire: Hunting sling     |    20 |     5 ||    25
  Use: Scroll            |       |     4 ||     4
       Potion            |       |     2 ||     2
 Stab: Sleeping          |     6 |     2 ||     8
  Eat: Chunk             |     3 |     8 ||    11
Armor: Ring mail         |    25 |       ||    25
       Scale mail        |    16 |       ||    16
       Chain mail        |       |    64 ||    64
       Skin              |       |     1 ||     1
Dodge: Dodged            |    45 |    35 ||    80
